 Dungeon Crawl Stone Soup version 0.31-a0-1522-g43313d8a59 (webtiles) character file.

Game seed: 3807619801935413750

333 dialectric the Trooper (level 6, -16/56 HPs)
             Began as a Minotaur Fighter on Dec 30, 2023.
             Demolished by an ogre
             ... wielding a +0 giant club
              (18 damage)
             ... on level 4 of the Dungeon.
             The game lasted 00:03:02 (2349 turns).

dialectric the Trooper (Minotaur Fighter)           Turns: 2349, Time: 00:03:03

Health: -16/56     AC:  8    Str: 26    XL:     6   Next: 27%
Magic:  5/5        EV: 10    Int:  5    God:
Gold:   136        SH:  5    Dex: 12    Spells: 5/5 levels left

rFire   . . .        f - +1 hand axe (heavy)
rCold   . . .        (no shield)
rNeg    . . .        b - +0 scale mail
rPois   .            (helmet restricted)
rElec   .            (no cloak)
rCorr   .            (no gloves)
SInv    .            e - +0 pair of boots
Will    .....        v - amulet of reflection Stlth
                     j - +6 ring of strength
HPRegen 0.29/turn    (no ring)
MPRegen 0.09/turn

%: reflection
@: no status effects
A: horns 2, retaliatory headbutt
a: no special abilities


You were on level 4 of the Dungeon.
You visited 1 branch of the dungeon, and saw 4 of its levels.

You collected 136 gold pieces.

Inventory:

Hand Weapons
 a - a +0 flail
 f - a +1 heavy hand axe (weapon)
 q - the +5 dagger of Disintegration {flame, Will+}
   (You found it on level 2 of the Dungeon)

   Will+:     It increases your willpower.
Armour
 b - a +0 scale mail (worn)
 c - a +0 buckler
 e - a +0 pair of boots (worn)
 g - a +0 plate armour
Jewellery
 j - a +6 ring of strength (left hand)
 n - an amulet of guardian spirit
 v - an amulet of reflection (around neck)
Scrolls
 l - a scroll of poison {unknown}
 m - 2 scrolls of fear {unknown}
 p - a scroll of immolation
 r - a scroll of summoning {unknown}
 s - 2 scrolls of identify {unknown}
Potions
 d - a potion of might
 h - a potion of haste {unknown}
 i - a potion of curing
 k - 3 potions of degeneration {unknown}
 o - a potion of brilliance {unknown}
 t - a potion of cancellation {unknown}
 u - a potion of resistance {unknown}
 w - a potion of mutation {unknown}


   Skills:
 * Level 5.3 Fighting
 + Level 3.1(4.2) Axes
 + Level 4.2(4.7) Maces & Flails
 + Level 5.1 Armour
 - Level 2.0 Dodging
 - Level 3.6 Shields


You had 5 spell levels left.
You didn't know any spells.
Your spell library contained the following spells:

 Spells                   Type           Power      Damage    Failure   Level
 Necrotise                Necr           0%         1d4       75%         1
 Hailstorm                Conj/Ice       0%         3d5       98%         3
 Summon Ice Beast         Ice/Summ       0%         N/A       98%         3
 Vampiric Draining        Necr           0%         2d6       98%         3
 Martyr's Knell           Necr/Summ      0%         N/A       100%        4
 Curse of Agony           Necr           0%         N/A       100%        5
 Sculpt Simulacrum        Ice/Alch       0%         N/A       100%        6


Dungeon Overview and Level Annotations

Branches:
Dungeon (4/15)
 Temple: D:4-7

Altars:

Annotations:
D:2 Sigmund


Innate Abilities, Weirdness & Mutations

You have a pair of horns on your head.
You reflexively headbutt those who attack you in melee.


Message History

An endoplasm comes into view.
There are monsters nearby!
You miss the adder.
The endoplasm quivers.
You hit the quokka. You block the adder's attack.
The quokka bites you but does no damage.
The adder bites you but does no damage. The quokka barely misses you.
You closely miss the quokka.
The quokka is almost dead.
You slash the adder!
You kill the adder!
You hit the kobold. The quokka closely misses you. You furiously retaliate!
You headbutt the quokka, but do no damage.
The kobold barely misses you. The quokka bites you.
You hit the ogre.
The ogre is lightly wounded.
You closely miss the quokka. You barely miss the kobold.
A goblin comes into view. It is wielding a +0 dagger.
You block the ogre's attack. The kobold hits you with a +0 club.
The quokka bites you but does no damage.
The kobold hits you but does no damage. The quokka barely misses you.
You miss the quokka.
The goblin shouts!
You headbutt the quokka.
You kill the quokka!
You slash the kobold!
You kill the kobold!
You hit the ogre.
The ogre hits you with a +0 giant club!!
A giant cockroach comes into view.
The ogre hits you with a +0 giant club!!
* * * LOW HITPOINT WARNING * * *
You hit the ogre.
The ogre is moderately wounded.
You hit the endoplasm but do no damage. The endoplasm freezes you.
You are frozen.
* * * LOW HITPOINT WARNING * * *
The ogre hits you with a +0 giant club!!
You die...

##. #...#.# ..
..##+.8.#.# .###+
#..#...#.# #...#
#†#...#.# . #...#
###).8.'.#
..###...+##..#)..###
#Bg....##...#...#
#....J)#...#'.8.#
#....O@'..###...#
########### #####


You could see an ogre, an endoplasm, a giant cockroach and a goblin.

Vanquished Creatures
  A scorpion (D:4)
  A bombardier beetle (D:3)
  An orc wizard (D:4)
  Natasha (thrice) (D:2)
  Robin (D:2)
  4 adders
  5 dart slugs
  2 ribbon worms
  8 orcs
  4 endoplasms
  3 giant cockroaches
  16 goblins
  8 hobgoblins
  2 quokkas (D:4)
  8 ball pythons
  2 bats
  8 kobolds
  2 rats
79 creatures vanquished.

Notes
Turn   | Place    | Note
-------+----------+-------------------------------------------
     0 | D:1      | dialectric the Minotaur Fighter began the quest for the
                  | Orb.
     0 | D:1      | Reached XP level 1. HP: 19/19 MP: 0/0
   183 | D:1      | Reached XP level 2. HP: 24/27 MP: 1/1
   704 | D:2      | Noticed Natasha
   708 | D:2      | Killed Natasha
   709 | D:2      | Reached skill level 1 in Axes
   709 | D:2      | Reached skill level 1 in Dodging
   709 | D:2      | Reached XP level 3. HP: 33/33 MP: 2/2
   826 | D:2      | Noticed Natasha
   832 | D:2      | Killed Natasha
   833 | D:2      | Reached XP level 4. HP: 35/40 MP: 3/3
   843 | D:2      | Identified the +5 dagger of Disintegration {flame, Will+}
   857 | D:2      | Noticed Natasha
   859 | D:2      | Noticed Robin
   884 | D:2      | Killed Natasha
   887 | D:2      | Killed Robin
  1137 | D:2      | Noticed Sigmund
  1233 | D:2      | Reached XP level 5. HP: 41/47 MP: 4/4
  2210 | D:4      | Reached skill level 5 in Fighting
  2210 | D:4      | Reached skill level 5 in Armour
  2210 | D:4      | Reached XP level 6. HP: 23/56 MP: 5/5
  2349 | D:4      | HP: 2/56 [frozen (2)]
  2349 | D:4      | Demolished by an ogre

Illustrated notes

Levels and vault maps discovered:
D:1:      mrwooster_arrival_statue, layout_basic, minmay_shallow_snake_nest
D:2:      cheibrodos_pilgrimage, layout_basic, uniq_robin, uniq_natasha,
          uniq_sigmund
D:3:      layout_rooms
D:4:      minmay_chambers_of_threes, layout_basic,
          nicolae_yredelemnul_corpse_copse, serial_bayou_pond_e

Skill      XL: |  1  2  3  4  5 |
---------------+----------------+-----
Fighting       | 4 5 |  5.3
Axes           | 1 2 3 |  3.1
Maces & Flails | 3 4 |  4.2
Armour         | 4 5 |  5.1
Dodging        | 1 2 |  2.0
Shields        | |  3.6

Action                     |  1- 3 |  4- 6 || total
---------------------------+-------+-------++-------
  Melee: Hand axe          |    27 |   108 ||   135
         Headbutt          |     4 |    10 ||    14
         Punch             |       |     1 ||     1
    Use: Potion            |       |     2 ||     2
         Scroll            |       |     1 ||     1
 Armour: Scale mail        |    27 |   154 ||   181
  Dodge: Dodged            |    18 |    86 ||   104
  Block: Other             |       |    11 ||    11

Table legend: (Time is in decaauts)
 A = Elapsed time spent in this place.
 B = Non-inter-level travel time spent in this place.
 C = Inter-level travel time spent in this place.
 D = Time resting spent in this place.
 E = Time spent auto-exploring this place.
 F = Levels seen in this place.
 G = Mean time per level.
                   A        B        C        D        E       F      G
               +--------+--------+--------+--------+--------+-----+--------+
         Total |   2452 |   2393 |     59 |    121 |   1658 |   4 |  613.0 |
       Dungeon |   2452 |   2393 |     59 |    121 |   1658 |   4 |  613.0 |
               +--------+--------+--------+--------+--------+-----+--------+

Top non-repeatable levels by time:
     D:3: 711 daAuts
     D:1: 662 daAuts
     D:2: 581 daAuts
     D:4: 496 daAuts
